 Dungeon Crawl Stone Soup version 0.28.0-47-ge53b351184 (webtiles) character file.

Game seed: 15833771203161055374

2136 kitty14015 the Cudgeller (level 9, -13/65 HPs)
             Began as a Demonspawn Wanderer on Apr 26, 2022.
             Killed from afar by a gargoyle (18 damage)
             ... with a stone arrow
             ... on level 6 of the Dungeon.
             The game lasted 00:20:20 (5998 turns).

kitty14015 the Cudgeller (Demonspawn Wanderer)      Turns: 5998, Time: 00:20:21

Health: -13/65     AC:  9    Str: 13    XL:     9   Next: 9%
Magic:  11/11      EV: 12    Int: 21    God:
Gold:   225        SH:  4    Dex: 20    Spells: 11/11 levels left

rFire   . . .      SeeInvis .   D - +4 dire flail (vorpal)
rCold   . . .      Faith    .   (shield currently unavailable)
rNeg    . . .      Spirit   .   B - +2 ring mail of Hedge Wizardry {Contam Int+5}
rPois   .          Reflect  .   e - +0 helmet
rElec   .          Harm     .   (no cloak)
rCorr   .          Rampage  .   q - +0 pair of gloves
Will    .....                   (no boots)
Stlth   +.........              (no amulet)
HPRegen 0.20/turn               w - +6 ring of dexterity
MPRegen 0.12/turn               (no ring)

@: lit by a corona, glowing
A: large bone plates 1, powered by death 2
a: no special abilities


You were on level 6 of the Dungeon.
You visited 1 branch of the dungeon, and saw 6 of its levels.
You also visited: Sewer.

You collected 225 gold pieces.

Inventory:

Hand Weapons
 a - a +2 hunting sling
 D - a +4 vorpal dire flail (weapon)
 K - a +4 scimitar of freezing
 L - a +5 falchion of draining
Missiles
 b - 27 sling bullets
 g - 4 javelins
 i - 136 stones
 y - 24 poisoned darts
Armour
 e - a +0 helmet (worn)
 f - a +0 robe
 l - a +0 leather armour
 q - a +0 pair of gloves (worn)
 z - a +0 scale mail
 A - a +0 ring mail
 B - the +2 ring mail of Hedge Wizardry (worn) {Contam Int+5}
   (You found it on level 4 of the Dungeon)

   Int:       It affects your intelligence (+5).
   Contam:    It causes magical contamination when unequipped.
Jewellery
 w - a +6 ring of dexterity (left hand)
Wands
 v - a wand of flame (16)
 F - a wand of mindburst (7) (quivered)
Scrolls
 h - a scroll of noise {unknown}
 j - 4 scrolls of identify
 m - 2 scrolls of immolation {unknown}
 n - a scroll of vulnerability {unknown}
 r - a scroll of fear {unknown}
 u - 3 scrolls of teleportation {unknown}
 x - a scroll of silence {unknown}
 C - a scroll of summoning {unknown}
Potions
 k - a potion of heal wounds
 o - a potion of curing
 p - 2 potions of mutation
 s - a potion of lignification {unknown}
 t - a potion of ambrosia {unknown}
 E - 3 potions of cancellation {unknown}
 G - 4 potions of invisibility {unknown}
 H - a potion of experience {unknown}
 I - 3 potions of brilliance {unknown}
 J - a potion of might {unknown}


   Skills:
 + Level 4.0 Fighting
 + Level 6.5 Maces & Flails
 + Level 6.0(6.1) Slings
 - Level 2.0 Bows
 + Level 0.9(3.8) Throwing
 - Level 3.0 Armour
 - Level 4.0 Dodging
 - Level 1.0 Stealth
 - Level 1.1 Shields
 * Level 1.9 Spellcasting
 + Level 1.2 Invocations


You had 11 spell levels left.
You didn't know any spells.
Your spell library contained the following spells:

 Spells                   Type           Power      Damage    Failure   Level
 Foxfire                  Conj/Fire      8%         2x1d4     30%         1
 Corpse Rot               Necr/Air       4%         N/A       43%         2
 Poisonous Vapours        Pois/Air       4%         N/A       43%         2
 Conjure Flame            Conj/Fire      2%         6-21      67%         3
 Inner Flame              Hex/Fire       2%         N/A       67%         3
 Flame Wave               Conj/Fire      2%         2d4       97%         4


Dungeon Overview and Level Annotations

Branches:
Dungeon (6/15)              Sewer (visited)
 Temple: D:4-7

Altars:

Annotations:
D:5 2 transporters, Bruhh's ghost, novice DjCA


Innate Abilities, Weirdness & Mutations

You are partially covered in large bone plates. (SH +4)
You regenerate health from kills.


Message History

Things that are here:
a +0 whip; a +0 leather armour Sorry, you're not good enough to have a special ability.
Aiming: Mindburst
Press: ? - help, Q - select action, (/) - cycle Shift-Dir - straight line, f - gargoyle
Aim: a gargoyle, wielding a +0 mace (chance to affect: 47%)
The gargoyle's mind is blasted!
Aiming: Mindburst
Press: ? - help, Q - select action, (/) - cycle Shift-Dir - straight line, f/p - gargoyle
Aim: a gargoyle, wielding a +0 mace (heavily damaged, chance to affect: 47%)
The gargoyle resists with some effort.
The gargoyle hurls a stone arrow at you.
The stone arrow misses you.
Aiming: Mindburst
Press: ? - help, Q - select action, (/) - cycle Shift-Dir - straight line, f/p - gargoyle
Aim: a gargoyle, wielding a +0 mace (heavily damaged, chance to affect: 47%)
The gargoyle resists with some effort.
Unknown command.
Things that are here:
a +0 whip; a +0 leather armour You hit the gargoyle.
The gargoyle is severely damaged.
The gargoyle completely misses you.
You hit the gargoyle but do no damage.
The gargoyle is severely damaged.
The gargoyle hurls a stone arrow at you.
The stone arrow hits you!!
You hit the gargoyle.
The gargoyle is almost destroyed.
The gargoyle hits you with a +0 mace!
* * * LOW HITPOINT WARNING * * *
You hit the gargoyle but do no damage.
The gargoyle is almost destroyed.
The gargoyle hits you with a +0 mace!
* * * LOW HITPOINT WARNING * * *
You hit the gargoyle.
The gargoyle is almost destroyed.
The gargoyle hurls a stone arrow at you.
The stone arrow hits you!!
You die...

..'###.............
......9#..((......Z ...
#............s ...
#............. #.#
#...(........< #.#
##(.......g. #.#
##...........
...####.####.†..........
#.....8).@9g....(......
###..####.####..##+#).....
... #.# ##....#...... ...##
#.# ##...#...(.... ......
##.###. ....#........
......##...##......#...(...
#...#..#..#..#####......
####+...###.............#####
#............#..........#....


You could see a gargoyle and a gnoll.

Vanquished Creatures
  Grinder (D:4)
  Sigmund (D:4)
  Eustachio (D:6)
  Edmund (D:4)
  A sky beast (D:6)
  An ogre (D:5)
  3 phantoms
  A kobold brigand (Sewer)
  A bullfrog (D:6)
  A gnoll sergeant (D:5)
  3 scorpions
  3 wights (D:6)
  A howler monkey (D:5)
  2 hounds
  A centaur skeleton (D:5)
  A gnoll shaman (D:6)
  Terence (D:3)
  Natasha (thrice) (D:3)
  2 iguanas
  2 hound skeletons (D:4)
  A howler monkey zombie (D:6)
  15 gnolls
  4 adders
  2 river rats (D:5)
  A shadow imp (D:3)
  An adder skeleton (D:4)
  A worm (D:2)
  3 dart slugs
  4 orcs
  8 bats
  11 endoplasms
  13 hobgoblins
  2 quokkas
  11 ball pythons
  4 frilled lizards
  9 goblins
  20 kobolds
  14 rats
155 creatures vanquished.

Vanquished Creatures (others)
  19 plants (D:4)
19 creatures vanquished.

Grand Total: 174 creatures vanquished

Notes
Turn   | Place    | Note
-------+----------+-------------------------------------------
     0 | D:1      | kitty14015 the Demonspawn Wanderer began the quest for the
                  | Orb.
     0 | D:1      | kitty14015 set off with the following items: a +2 hunting
                  | sling, 23 sling bullets, a +0 shortbow, 27 arrows, a +0
                  | helmet, a +0 robe
     0 | D:1      | Reached XP level 1. HP: 15/15 MP: 1/1
   170 | D:1      | Gained mutation: You regenerate a little health from kills.
                  | [demonic ancestry]
   170 | D:1      | Reached XP level 2. HP: 21/21 MP: 2/2
   459 | D:1      | Reached XP level 3. HP: 22/26 MP: 3/3
  1505 | D:2      | Reached XP level 4. HP: 32/32 MP: 4/4
  2190 | D:3      | Noticed Natasha
  2206 | D:3      | Killed Natasha
  2216 | D:3      | Gained mutation: You are partially covered in large bone
                  | plates. (SH +4) [demonic ancestry]
  2216 | D:3      | Reached XP level 5. HP: 34/37 MP: 5/5
  2226 | D:3      | Noticed Natasha
  2236 | D:3      | Killed Natasha
  2350 | D:3      | Noticed Natasha
  2356 | D:3      | Killed Natasha
  2357 | D:3      | Reached skill level 1 in Maces & Flails
  2461 | D:3      | Noticed Terence
  2478 | D:3      | Killed Terence
  2828 | D:4      | Identified the +2 ring mail of Hedge Wizardry {Contam
                  | Int+5}
  2906 | D:4      | Reached skill level 1 in Stealth
  2972 | D:4      | Noticed a phantom
  3025 | D:4      | Killed a phantom
  3026 | D:4      | Reached XP level 6. HP: 5/44 MP: 6/6
  3471 | D:4      | Noticed Edmund
  3486 | D:4      | Killed Edmund
  3487 | D:4      | Reached skill level 5 in Slings
  3510 | D:4      | Noticed Sigmund
  3522 | D:4      | Killed Sigmund
  3523 | D:4      | Reached skill level 1 in Shields
  3523 | D:4      | Gained mutation: You regenerate health from kills. [demonic
                  | ancestry]
  3523 | D:4      | Reached XP level 7. HP: 27/51 MP: 7/7
  4025 | D:4      | Noticed Grinder
  4053 | D:4      | Killed Grinder
  4360 | D:5      | Entered Level 5 of the Dungeon
  4374 | D:5      | Reached XP level 8. HP: 58/58 MP: 8/8
  4629 | D:5      | Found a transporter.
  4629 | D:5      | Noticed Bruhh's ghost (novice DjCA)
  4632 | D:5      | Found a transporter.
  5056 | D:5      | Found a glowing drain.
  5076 | Sewer    | Entered a sewer
  5293 | Sewer    | Reached skill level 5 in Maces & Flails
  5455 | D:6      | Noticed Eustachio
  5467 | D:6      | Killed Eustachio
  5502 | D:6      | Reached skill level 1 in Spellcasting
  5817 | D:6      | Reached XP level 9. HP: 59/65 MP: 9/11
  5984 | D:6      | Noticed a gargoyle
  5998 | D:6      | Killed from afar by a gargoyle

Illustrated notes

Levels and vault maps discovered:
D:1:      sevenhm_arrival_forest_fort_small_6, layout_basic, minmay_bisected
D:2:      layout_loops_ring
D:3:      layout_basic, uniq_natasha, uniq_terence
D:4:      layout_basic, serial_bayou, serial_bayou_lagoon_a,
          serial_bayou_pond_d, serial_bayou_ford_a, serial_bayou_lake_a,
          sigmund_edmund_badplayer, uniq_grinder
D:5:      layout_gridville, gammafunk_ghost_arena, portal_sewer_entry_c
D:6:      layout_gridville, kb_rosetta, uniq_eustachio, uniq_edmund

Skill      XL: |  1  2  3  4  5  6  7  8 |
---------------+-------------------------+-----
Slings         | 3 4 5 6 |  6.0
Bows           | 2 |  2.0
Dodging        | 2 3 4 |  4.0
Maces & Flails | 1 3 6 |  6.5
Stealth        | 1 |  1.0
Fighting       | 2 3 4 |  4.0
Shields        | 1 |  1.1
Armour         | 3 |  3.0
Spellcasting   | 1 |  1.9
Throwing       | |  0.9
Invocations    | |  1.2

Action                   |  1- 3 |  4- 6 |  7- 9 || total
-------------------------+-------+-------+-------++-------
Melee: Whip              |    51 |    90 |       ||   141
       Punch             |     2 |     1 |       ||     3
       Dire flail        |       |       |   199 ||   199
 Fire: Hunting sling     |    57 |    50 |    47 ||   154
       Shortbow          |    24 |    48 |     8 ||    80
Throw: Stone             |     1 |       |       ||     1
       Dart              |       |     6 |     6 ||    12
Evoke: Wand              |       |       |     3 ||     3
  Use: Scroll            |       |     3 |       ||     3
       Potion            |       |     3 |     2 ||     5
 Stab: Sleeping          |       |       |     1 ||     1
Armor: Robe              |    14 |       |       ||    14
       Leather armour    |     7 |     6 |       ||    13
       Ring mail         |       |    31 |    68 ||    99
Dodge: Dodged            |    49 |    60 |   111 ||   220
Block: Other             |       |    22 |    35 ||    57
